 Dungeon Crawl Stone Soup version 0.27.1-33-g824d729ab1 (webtiles) character file.

Game seed: 7933510543382332151

99 imrehg the Ruffian (level 4, -1/37 HPs)
             Began as a Ghoul Gladiator on Nov 29, 2021.
             Slain by a gnoll (3 damage)
             ... on level 3 of the Dungeon.
             The game lasted 00:07:46 (2402 turns).

imrehg the Ruffian (Ghoul Gladiator)                Turns: 2402, Time: 00:07:46

Health: -1/37      AC:  4    Str: 18    XL:     4   Next: 72%
Magic:  3/3        EV: 12    Int:  3    God:
Gold:   97         SH:  0    Dex: 10    Spells: 3/3 levels left

rFire    . . .     SeeInvis .   o - +0 hand axe
rCold    + . .     Faith    .   (no shield)
rNeg     + + +     Spirit   .   a - +0 leather armour
rPois    ∞         Reflect  .   b - +0 helmet
rElec    .         Harm     .   (no cloak)
rCorr    .         Rampage  .   (no gloves)
Will     .....                  (no boots)
Stlth    +.........             (no amulet)
HPRegen  0.00/turn              (no ring)
MPRegen  0.08/turn              (no ring)

@: inhibited regen
A: claws 1, cold resistance 1, negative energy resistance 3, inhibited
regeneration, torment resistance 2
a: no special abilities


You were on level 3 of the Dungeon.
You visited 1 branch of the dungeon, and saw 3 of its levels.

You collected 97 gold pieces.

Inventory:

Hand Weapons
 f - a +3 dagger
 k - a +0 spear
 o - a +0 hand axe (weapon)
 v - a +0 falchion
Missiles
 c - 2 throwing nets (quivered)
Armour
 a - a +0 leather armour (worn)
 b - a +0 helmet (worn)
 u - a +0 buckler
Jewellery
 e - an amulet of reflection
Scrolls
 d - 2 scrolls of identify {unknown}
 h - a scroll of teleportation {unknown}
 m - 3 scrolls of acquirement {unknown}
 p - a scroll of magic mapping {unknown}
 q - a scroll of enchant weapon {unknown}
 t - a scroll of immolation {unknown}
Potions
 g - 2 potions of magic {unknown}
 i - a potion of attraction {unknown}
 j - 2 potions of brilliance {unknown}
 l - 2 potions of ambrosia {unknown}
 n - a potion of mutation {unknown}
 r - a potion of curing {unknown}
 s - 2 potions of cancellation {unknown}


   Skills:
 + Level 2.5 Fighting
 + Level 0.8 Axes
 + Level 2.1 Throwing
 + Level 1.2 Armour
 + Level 3.4 Dodging
 + Level 1.1 Stealth
 + Level 3.8 Unarmed Combat


You had 3 spell levels left.
You didn't know any spells.
Your spell library contained the following spells:

 Spells                   Type           Power      Damage    Failure   Level
 Fireball                 Conj/Fire      0%         3d3       100%        5
 Iskenderun's Battlesphe  Conj           0%         2d6       100%        5
 Conjure Ball Lightning   Conj/Air       0%         3x3d6     100%        6
 Orb of Destruction       Conj           0%         N/A       100%        7


Dungeon Overview and Level Annotations

Branches:
Dungeon (3/15)

Altars:


Innate Abilities, Weirdness & Mutations

You thrive by killing the living.
You are immune to poison.
You have sharp fingernails.
Your flesh is cold resistant. (rC+)
You are immune to negative energy. (rN+++)
You do not regenerate when monsters are visible.
You are immune to unholy pain and torment.


Message History

You hit the gnoll.
You kill the gnoll!
You see here a +0 whip.
You see here a +0 whip.
A gnoll comes into view. It is wielding a +0 spear.
The gnoll shouts!
You hear a shout!
The gnoll hits you from afar with a +0 spear.
The gnoll hits you but does no damage.
The gnoll hits you from afar with a +0 spear.
An iguana comes into view.
The iguana hisses angrily.
The gnoll hits you with a +0 spear.
You closely miss the gnoll. The gnoll hits you with a +0 spear. x2
You hit the gnoll.
The gnoll is lightly wounded.
The gnoll barely misses you.
You barely miss the gnoll.
The gnoll is lightly wounded.
The gnoll hits you with a +0 spear.
* * * LOW HITPOINT WARNING * * *
You hit the gnoll.
The gnoll is moderately wounded.
The gnoll closely misses you.
You barely miss the gnoll.
The gnoll is moderately wounded.
The gnoll hits you with a +0 spear.
* * * LOW HITPOINT WARNING * * *
The gnoll barely misses you. The gnoll closely misses you.
The gnoll hits you from afar with a +0 spear.
* * * LOW HITPOINT WARNING * * *
The gnoll hits you from afar with a +0 spear.
* * * LOW HITPOINT WARNING * * *
You see here a +0 whip.
The gnoll hits you but does no damage. The gnoll closely misses you.
The gnoll barely misses you.
There is a stone staircase leading up here.
The gnoll hits you from afar with a +0 spear.
You die...

#...##)#######
######...##.####
....g..........#
######..†##.##.....
#.##########.###.#
###.
##............# #.#
.........###### #l#
########.# ##.##
#@#######...##.###
#.#...l)..........
#g#l#####...##.###
#.#.# ##.......
#l#.# #####.###
#...# .. ##### ##


You could see an iguana and a gnoll.

Vanquished Creatures
  A gnoll (D:3)
  2 adders (D:2)
  A dart slug (D:2)
  5 orcs (D:3)
  7 bats
  5 endoplasms
  2 giant cockroaches
  4 goblins
  5 hobgoblins
  3 jackals (D:2)
  5 kobolds (D:1)
  3 quokkas
  7 ball pythons
  2 frilled lizards (D:1)
  6 rats
58 creatures vanquished.

Notes
Turn   | Place    | Note
-------+----------+-------------------------------------------
     0 | D:1      | imrehg the Ghoul Gladiator began the quest for the Orb.
     0 | D:1      | Reached XP level 1. HP: 17/17 MP: 0/0
   287 | D:1      | Reached XP level 2. HP: 24/24 MP: 1/1
   658 | D:1      | Reached XP level 3. HP: 29/29 MP: 2/2
  1269 | D:2      | Reached skill level 1 in Stealth
  1456 | D:2      | Reached skill level 1 in Armour
  1456 | D:2      | Reached XP level 4. HP: 11/37 MP: 3/3
  2385 | D:3      | HP: 1/37 [gnoll (1)]
  2402 | D:3      | Slain by a gnoll

Illustrated notes

Levels and vault maps discovered:
D:1:      minmay_arrival_stair_chambers, layout_loops_corners,
          minmay_tetromino_i2
D:2:      layout_basic
D:3:      layout_loops_ring, uniq_terence

Skill      XL: |  1  2  3 |
---------------+----------+-----
Throwing       | 2 |  2.1
Dodging        | 3 |  3.4
Stealth        | 1 |  1.1
Armour         | 1 |  1.2
Fighting       | |  2.5
Axes           | |  0.8
Unarmed Combat | |  3.8

Action                   |  1- 3 |  4- 6 || total
-------------------------+-------+-------++-------
Melee: Unarmed           |    81 |       ||    81
       Punch             |     3 |     1 ||     4
       Hand axe          |    39 |    80 ||   119
Throw: Throwing net      |     1 |       ||     1
 Stab: Sleeping          |     2 |       ||     2
Armor: Leather armour    |    46 |    26 ||    72
Dodge: Dodged            |    95 |    72 ||   167
